 Dungeon Sprint DCSS version 0.17-a0-1554-g3b847ca (webtiles) character file.

2 nuthulu the Ruffian (level 1, -1/18 HPs)
             Began as a Naga Transmuter on July 19, 2015.
             Was an Initiate of Cheibriados.
             Slain by a worker ant (6 damage)
             ... in the Dungeon (Sprint VII: "The Pits").
             The game lasted 00:00:27 (125 turns).

nuthulu the Ruffian (Naga Transmuter)                Turns: 125, Time: 00:00:27

Health: -1/18      AC:  1    Str: 13    XL:     1   Next: 40%
Magic:  1/4        EV: 10    Int: 14    God:    Cheibriados [......]
Gold:   0          SH:  0    Dex: 12    Spells: 1 memorised, 4 levels left

rFire  . . .     SeeInvis +       - Unarmed
rCold  . . .     Clarity  .     b - +0 robe
rNeg   . . .     SustAt   .     (no shield)
rPois  +         Gourm    .     (no helmet)
rElec  .         Spirit   .     (no cloak)
rCorr  .         Warding  .     (no gloves)
rMut   .         NoTele   +     (no barding)
MR     .....                    (no amulet)
Stlth  +.........               (no ring)
                                (no ring)

@: appendage, very slightly contaminated, very slow, not resistant to hostile
enchantments, very unstealthy
A: horns 2, see invisible, deformed body, poison resistance, slowness 2, slow
metabolism 1, spit poison 2, AC +0
a: Spit Poison, End Transformation, Bend Time, Renounce Religion


You were in the Dungeon.
You worshipped Cheibriados.
Cheibriados was noncommittal.
You were not hungry.
You had grown temporary horns.
You visited 1 branch

Inventory:

Missiles
 a - 12 arrows
Armour
 b - a +0 robe (worn)
Scrolls
 j - a scroll of blinking
 o - 3 scrolls of remove curse
 p - 5 scrolls of amnesia
 q - a scroll of summoning
Potions
 e - a potion of curing
 f - a potion of heal wounds
 g - a potion of haste
 h - 4 potions of magic
 i - 3 potions of berserk rage
 n - 2 potions of invisibility
Books
 c - a book of Changes

   Spells                             Type                      Level
   a - Beastly Appendage              Transmutation                1
   b - Sticks to Snakes               Transmutation                2
   c - Spider Form                    Transmutation/Poison         3
   d - Ice Form                       Ice/Transmutation            4
   e - Blade Hands                    Transmutation                5
Comestibles
 d - 8 bread rations
 k - 3 chunks of flesh
 l - 40 fruits
 m - 7 meat rations


   Skills:
 - Level 1.0 Fighting
 - Level 1.5 Dodging
 - Level 3.0 Unarmed Combat
 + Level 2.6 Spellcasting
 + Level 2.7 Transmutations


You had 4 spell levels left.
You knew the following spells:

 Your Spells              Type           Power        Failure   Level  Hunger
a - Beastly Appendage     Trmt           #.....       10%         1    #......


Dungeon Overview and Level Annotations

Branches:
Dungeon (1/1)

Altars:
Ashenzari
Cheibriados
Dithmenos
Elyvilon
Fedhas
Gozag
Kikubaaqudgha
Makhleb
Nemelex Xobeh
Okawaru
Qazlal
Ru
Sif Muna
Trog
Vehumet
Xom
Yredelemnul
Zin
The Shining One
Beogh
Jiyva
Lugonu


Innate Abilities, Weirdness & Mutations

You cannot wear boots.
Your serpentine skin is tough (AC +0).
You have supernaturally acute eyesight.
Armour fits poorly on your strangely shaped body.
Your system is resistant to poisons.
You cover ground very slowly.
You have a slow metabolism.
You can spit poison.
You have a pair of horns on your head.


Message History

The worker ant bites you.
There is an open door here.
You see here a goblin corpse.
You hit the worker ant.
The worker ant is lightly wounded.
The worker ant barely misses you.
Casting: Beastly Appendage
Confirm with . or Enter, or press ? or * to list all spells.
You grow a pair of large bovine horns.
The worker ant bites you.
You hit the worker ant.
The worker ant is lightly wounded.
The worker ant bites you!
* * * LOW HITPOINT WARNING * * *
You completely miss the worker ant.
The worker ant is lightly wounded.
The worker ant bites you but does no damage.
You barely miss the worker ant.
The worker ant is lightly wounded.
The worker ant bites you.
You die...

############
#__________#
#__________#
#.#####'##############++
#_#)))'.'..##...........
#_#)))#.#?(##......#..#
#######'#####..........
#.........).'...........
#+#####@#####......#..#.
#a# #........... #.#
####'#####+ +.#
#.......# ### #.......#
#.......# #...<...#
#.......# #.......#


You could see a worker ant.

Vanquished Creatures
  A goblin (D)
  A hobgoblin (D)
2 creatures vanquished.

Notes
Turn   | Place    | Note
--------------------------------------------------------------
     0 | D        | nuthulu the Naga Transmuter began the quest for the Orb.
     0 | D        | Reached XP level 1. HP: 18/18 MP: 3/3
    77 | D        | Found a sacrificial altar of Ru.
    77 | D        | Found a shadowy altar of Dithmenos.
    77 | D        | Found a bloodstained altar of Trog.
    77 | D        | Found a deep blue altar of Sif Muna.
    77 | D        | Found a shimmering altar of Xom.
    77 | D        | Found a sparkling altar of Nemelex Xobeh.
    77 | D        | Found a corrupted altar of Lugonu.
    77 | D        | Found a viscous altar of Jiyva.
    78 | D        | Found a basalt altar of Yredelemnul.
    78 | D        | Found a glowing golden altar of the Shining One.
    78 | D        | Found a shattered altar of Ashenzari.
    78 | D        | Found a white marble altar of Elyvilon.
    78 | D        | Found a snail-covered altar of Cheibriados.
    78 | D        | Found a blossoming altar of Fedhas.
    78 | D        | Found a radiant altar of Vehumet.
    78 | D        | Found a burning altar of Makhleb.
    78 | D        | Found an ancient bone altar of Kikubaaqudgha.
    78 | D        | Found a glowing silver altar of Zin.
    78 | D        | Found a roughly hewn altar of Beogh.
    78 | D        | Found an iron altar of Okawaru.
   103 | D        | Became a worshipper of Cheibriados the Contemplative
   104 | D        | Found a stormy altar of Qazlal.
   104 | D        | Found an opulent altar of Gozag.
   117 | D        | Noticed a worker ant
   125 | D        | Slain by a worker ant

Vault maps used:
D:        pitsprint

Action                   || total
-------------------------++-------
Melee: Unarmed           ||     8
 Cast: Beastly Appendage ||     2
